AoeStats
← Big Toilet Snake

Black Forest

510944150Analyzed
2v2 RM · 8h ago on Oct 3, 2026· 45m 17s· 4 players
Game mode
Random Map
Map size
Medium (4 player)
Population
200
Speed
Normal
Resources
Standard
Victory
Conquest
Starting age
Dark Age
Ending age
Imperial Age
RankedLock teamsTeams togetherTeam positionsShared explorationLock speedFull tech treeHidden civsTurbo modeCheats
Victory
Defeat
🇫🇷 Franks · France
1085
+15
🇧🇾 Britons · Belarus
1057
+16
🇲🇽 Khmer · Mexico
1163
-20
🇨🇦 Persians · Canada
949
-32
HotCoffee
3:46 Loom
11:56 Feudal Age
13:05 Double-Bit Axe
17:15 Castle Age
16:00 Stone Mining
16:09 Horse Collar
24:28 Wheelbarrow
25:15 Gold Mining
25:48 Bow Saw
26:10 Hand Cart
28:52 Gold Shaft Mining
29:31 Heavy Plow
33:03 Imperial Age
31:22 Caravan
32:23 Ballistics
32:22 Fortified Wall
32:05 Fletching
32:47 Bodkin Arrow
34:28 Bracer
35:30 Chemistry
36:04 Two-Man Saw
35:16 Elite Longbowman
37:17 Yeomen
37:20 Conscription
37:37 Hoardings
37:43 Murder Holes
38:00 Masonry
37:59 Squires
37:20 Pikeman
37:45 Arson
38:48 Halberdier
39:43 Forging
39:34 Scale Mail Armor
39:35 Padded Archer Armor
40:26 Siege Engineers
42:16 Iron Casting
43:47 Fervor
46:01 Chain Mail Armor
46:04 Leather Archer Armor
°||° FeeZåNøv [™]
0:48 Loom
11:59 Feudal Age
17:14 Castle Age
17:54 Wheelbarrow
17:55 Double-Bit Axe
18:45 Gold Mining
23:37 Gold Shaft Mining
24:13 Bow Saw
28:18 Imperial Age
26:52 Stone Mining
27:38 Hand Cart
28:21 Padded Archer Armor
28:11 Fletching
28:32 Forging
30:16 Scale Barding Armor
30:26 Leather Archer Armor
30:07 Bodkin Arrow
31:21 Chemistry
30:41 Ballistics
30:13 Cavalier
30:54 Husbandry
32:32 Chain Barding Armor
32:48 Iron Casting
32:13 Scale Mail Armor
32:24 Heavy Scorpion
34:11 Paladin
36:35 Murder Holes
38:19 Plate Barding Armor
38:44 Blast Furnace
38:35 Fortified Wall
39:50 Capped Ram
rickyecko
0:41 Loom
11:33 Feudal Age
12:17 Double-Bit Axe
17:46 Castle Age
15:34 Horse Collar
18:56 Wheelbarrow
18:39 Bow Saw
19:38 Heavy Plow
22:11 Gold Mining
29:33 Imperial Age
28:46 Stone Mining
29:27 Husbandry
30:38 Bloodlines
31:09 Fletching
31:26 Scale Barding Armor
31:26 Town Watch
33:05 Capped Ram
34:14 Conscription
34:44 Siege Engineers
35:31 Hand Cart
35:38 Double Crossbow
36:00 Elite Ballista Elephant
36:12 Light Cavalry
36:55 Hussar
38:30 Crop Rotation
38:41 Caravan
38:17 Onager
40:23 Chain Barding Armor
40:14 Forging
42:07 Chemistry
41:28 Fervor
41:30 Masonry
41:20 Bodkin Arrow
Big Toilet Snake
1:00 Loom
12:10 Feudal Age
13:09 Double-Bit Axe
17:37 Castle Age
16:16 Horse Collar
19:07 Wheelbarrow
18:41 Scale Barding Armor
18:50 Forging
21:18 Bow Saw
24:33 Stone Mining
24:39 Gold Mining
27:01 Stone Shaft Mining
29:01 Ballistics
29:21 Chain Barding Armor
30:39 Gold Shaft Mining
31:18 Kamandaran
34:00 Imperial Age
32:28 Thumb Ring
32:02 Crossbowman
32:54 Padded Archer Armor
33:25 Kamandaran
34:43 Conscription
35:07 Bloodlines
34:57 Husbandry
36:22 Fletching
36:33 Padded Archer Armor
38:39 Elite War Elephant
40:21 Plate Barding Armor
43:28 Heavy Plow
44:56 Chemistry
Connection lost

Rejoining the realm…

Still unreachable

The connection could not be restored.

Session expired

The server has moved on; the page needs a fresh start.